 Dungeon Crawl Stone Soup version 0.25.0-11-g1f837a76a1 (webtiles) character file.

Game seed: 16956341593168272955

2768 Esekla the Grave Robber (level 9, -2/59 HPs)
             Began as an Octopode Necromancer on June 26, 2020.
             Was an Initiate of Gozag.
             Slain by a killer bee (3 damage)
             ... on level 9 of the Dungeon on June 27, 2020.
             The game lasted 01:09:28 (10151 turns).

Esekla the Grave Robber (Octopode Necromancer)     Turns: 10151, Time: 01:09:29

Health: -2/59      AC:  1    Str:  8    XL:     9   Next: 69%
Magic:  2/16       EV: 15    Int: 26    God:    Gozag
Gold:   798        SH:  0    Dex: 12    Spells: 12/18 levels left

rFire    . . .     SeeInvis .   v - +0 dagger (venom)
rCold    . . .     Gourm    .   (no shield)
rNeg     . . .     Faith    .   (helmet restricted)
rPois    .         Spirit   .   (no amulet)
rElec    .         Reflect  .   A - +6 ring of intelligence
rCorr    .         Harm     .   (no ring)
MR       .....                  (no ring)
Stlth    +++.......             (no ring)
HPRegen  0.19/turn              (no ring)
MPRegen  0.15/turn              (no ring)
                                (no ring)
                                (no ring)

@: very slightly contaminated
A: almost no armour, stealthy swim, amphibious, 8 rings, constrict 8, camouflage
1, gelatinous body 1
a: Potion Petition, Call Merchant, Bribe Branch, Renounce Religion


You were on level 9 of the Dungeon.
You worshipped Gozag.
Gozag was pleased with you.
You were hungry.

You visited 2 branches of the dungeon, and saw 10 of its levels.

You collected 845 gold pieces.
You paid 47 gold pieces to Gozag.

Inventory:

Hand Weapons
 a - a +2 falchion
 d - a +1 long sword
 p - a +0 dagger of protection
 t - a +5 trident
 v - a +0 dagger of venom (weapon)
Missiles
 g - 34 poisoned darts (quivered)
 u - 8 boomerangs
 B - 3 boomerangs of dispersal
Jewellery
 n - an uncursed ring of fire
 A - a +6 ring of intelligence (left tentacle)
Wands
 c - a wand of polymorph (10)
Scrolls
 e - 4 scrolls of remove curse
 h - a scroll of holy word
 k - 2 scrolls of enchant weapon
 l - a scroll of blinking
 m - a scroll of enchant armour
 r - a scroll of fear
 w - a scroll of identify
 x - a scroll of magic mapping
 y - a scroll of random uselessness {unknown}
 z - a scroll of teleportation
Potions
 f - 2 potions of resistance
 i - a potion of stabbing {unknown}
 j - 2 potions of might
 o - 2 potions of curing
 q - a potion of flight {unknown}
 s - a potion of brilliance {unknown}
 C - a potion of heal wounds {unknown}
Comestibles
 b - a ration


   Skills:
 * Level 4.5 Fighting
 + Level 2.2(4.1) Short Blades
 * Level 5.4(5.7) Long Blades
 - Level 0.5 Polearms
 + Level 2.6 Throwing
 * Level 5.3 Dodging
 - Level 4.0 Stealth
 + Level 5.0 Spellcasting
 + Level 3.0 Hexes
 + Level 5.8 Necromancy
 + Level 3.1 Translocations


You had 12 spell levels left.
You knew the following spells:

 Your Spells              Type           Power        Failure   Level  Hunger
a - Apportation           Tloc           ###...       1%          1    None
b - Pain                  Necr           ####         1%          1    None
c - Corona                Hex            ###....      2%          1    None
d - Vampiric Draining     Necr           #####.....   1%          3    #......

Your spell library contained the following spells:

 Spells                   Type           Power        Failure   Level  Hunger
 Animate Skeleton         Necr           N/A          1%          1    None
 Gell's Gravitas          Tloc           ###.......   6%          3    #......
 Confusing Touch          Hex            ###.....     7%          3    #......
 Animate Dead             Necr           N/A          7%          4    ###....
 Summon Small Mammal      Summ           #...         8%          1    None
 Agony                    Necr           #####...     19%         5    #####..
 Petrify                  Tmut/Erth      #.......     58%         4    ###....
 Metabolic Englaciation   Hex/Ice        ##........   75%         5    #####..
 Yara's Violent Unravell  Hex/Tmut       ##........   75%         5    #####..


Dungeon Overview and Level Annotations

Branches:
Dungeon (9/15)             Temple (1/1) D:5
   Lair: D:8-11         Orc: D:9-12

Altars:
Ashenzari
Dithmenos
Fedhas
Gozag
Hepliaklqana
Kikubaaqudgha
Makhleb
Nemelex Xobeh
Qazlal
Ru
Sif Muna
Trog
Vehumet
Xom
Yredelemnul
The Shining One
Jiyva

Annotations:
D:5 2 transporters, Menkaure
D:7 Joseph
D:9 3 runed translucent doors, Sedillia's ghost, novice HOMo


Innate Abilities, Weirdness & Mutations

You cannot wear most types of armour.
You are very stealthy in the water. (Stealth+)
You are amphibious.
You can wear up to eight rings at the same time.
You can use your tentacles to constrict eight enemies at once.
Your skin changes colour to match your surroundings (Stealth+).
Your rubbery body absorbs attacks. (AC +1, EV +1)


Message History

The killer bee stings you!
* * * LOW HITPOINT WARNING * * *
You are poisoned.
The killer bee poisons you!
You feel sick. The killer bee stings you!
* * * LOW HITPOINT WARNING * * *
You feel better. The killer bee stings you.
* * * LOW HITPOINT WARNING * * *
The killer bee barely misses you.
Blink to where?
Press: ? - help, Dir - move target cursor You are very lightly contaminated with residual magic.
As you read the scroll of blinking, it crumbles to dust.
The killer bee closely misses you.
There is a stone staircase leading up, spattered with blood here.
The killer bee stings you.
* * * LOW HITPOINT WARNING * * *
The killer bee stings you.
You die...
Your body crumbles into a pile of gold.

#$.###.+.................##
#[...KK+..###.#######.....#
#).###K+.###..# ##....#
#...KK#.##..### ....#
##P⌠K##.##.#..## ....#
5..#####..#......## #....
........###.#)....## ....
.....[..##.#.......# #.##
.......###y@.......## ##
.......##.#.........##
......##..##.........#
....####.###.........##
...# #s## #..........# .##
##.# ##.........# ##T##
##........# ##..###
###.....## #.....# ###...#


You could see a killer bee.

Vanquished Creatures
  A hippogriff (D:9)
  A wyvern (D:9)
  A hungry ghost (D:8)
  A water moccasin (D:5)
  An orc warrior (D:6)
  2 ice beasts (D:5)
  A necrophage (D:5)
  2 centaurs
  4 ogres
  2 bullfrogs
  A scorpion (D:8)
  4 killer bees (D:9)
  5 wights (D:7)
  2 howler monkeys
  4 crimson imps
  A jelly (D:6)
  5 orc priests (D:3)
  3 orc wizards
  8 worker ants
  6 adders
  An ooze (D:1)
  An adder zombie (D:7)
  A worm (D:4)
  2 dart slugs (D:1)
  4 leopard geckos
  11 orcs
  A ball python (D:2)
  2 giant cockroaches
  13 goblins
  2 hobgoblins (D:3)
  2 jackals (D:5)
  A quokka (D:2)
  8 bats
  8 frilled lizards
  A jackal zombie (D:7)
  6 kobolds
  2 leopard gecko zombies
  8 rats
129 creatures vanquished.

Vanquished Creatures (others)
  2 fungi (D:9)
  2 plants (D:9)
4 creatures vanquished.

Grand Total: 133 creatures vanquished

Notes
Turn   | Place    | Note
-------+----------+-------------------------------------------
     0 | D:1      | Esekla the Octopode Necromancer began the quest for the
                  | Orb.
     0 | D:1      | Reached XP level 1. HP: 11/11 MP: 3/3
   321 | D:1      | Reached XP level 2. HP: 16/18 MP: 1/5
   817 | D:2      | Reached XP level 3. HP: 20/22 MP: 6/6
   839 | D:2      | Learned a level 3 spell: Vampiric Draining
   863 | D:2      | Reached skill level 1 in Fighting
  1241 | D:2      | Found a sacrificial altar of Ru.
  1451 | D:2      | Found a faded altar of an unknown god.
  2050 | D:3      | Reached XP level 4. HP: 19/28 MP: 3/7
  2469 | D:3      | Reached skill level 1 in Short Blades
  2527 | D:3      | Reached XP level 5. HP: 30/34 MP: 2/9
  2961 | D:4      | Found a sacrificial altar of Ru.
  2963 | D:4      | Found a shattered altar of Ashenzari.
  2965 | D:4      | Found a sparkling altar of Nemelex Xobeh.
  2965 | D:4      | Found a stormy altar of Qazlal.
  2986 | D:4      | Learned a level 1 spell: Apportation
  2989 | D:4      | Learned a level 1 spell: Corona
  3117 | D:4      | Found a bloodstained altar of Trog.
  3117 | D:4      | Found a burning altar of Makhleb.
  3117 | D:4      | Found a shadowy altar of Dithmenos.
  3118 | D:4      | Found an opulent altar of Gozag.
  3128 | D:4      | Became a worshipper of Gozag Ym Sagoz the Greedy
  3151 | D:4      | Noticed a centaur
  3161 | D:4      | Reached skill level 1 in Translocations
  3379 | D:3      | Reached XP level 6. HP: 25/39 MP: 6/10
  3441 | D:3      | Reached skill level 1 in Hexes
  3668 | D:4      | Reached skill level 1 in Long Blades
  3850 | D:4      | Noticed a phantom
  3998 | D:5      | Entered Level 5 of the Dungeon
  4144 | D:5      | Found the +10 Black Knight's horse barding {ponderous,
                  | rPois rN+}
  4166 | D:5      | Reached XP level 7. HP: 31/45 MP: 0/12
  4399 | D:5      | Found a staircase to the Ecumenical Temple.
  4412 | D:5      | Found a transporter.
  4448 | D:5      | Noticed a vampire
  4496 | Temple   | Entered the Ecumenical Temple
  4523 | D:5      | Found a transporter.
  4523 | D:5      | Found a basalt altar of Yredelemnul.
  4550 | D:5      | Noticed Menkaure
  4552 | D:5      | Found an ancient bone altar of Kikubaaqudgha.
  4802 | D:6      | Reached XP level 8. HP: 46/51 MP: 14/14
  4898 | D:6      | Found a shimmering altar of Xom.
  4899 | D:6      | Found a hazy altar of Hepliaklqana.
  4900 | D:6      | Noticed a spectral ugly thing
  5306 | D:5      | Reached skill level 5 in Necromancy
  6351 | D:6      | Found a radiant altar of Vehumet.
  7700 | D:7      | Noticed Joseph
  7983 | D:7      | Reached XP level 9. HP: 22/57 MP: 3/16
  8164 | D:7      | Reached skill level 1 in Throwing
  8166 | D:7      | HP: 2/57 [wight/+5 trident (10)]
  9810 | D:9      | Found a runed translucent gate.
  9811 | D:9      | Found a runed translucent gate.
  9811 | D:9      | Found a runed translucent gate.
  9811 | D:9      | Noticed Sedillia's ghost (novice HOMo)
  9812 | D:9      | Identified the +5 short sword of Qacady {drain, +Blink
                  | rPois rC-}
  9814 | D:9      | Noticed a kobold demonologist
  9858 | D:9      | Reached skill level 5 in Dodging
 10076 | D:9      | Reached skill level 5 in Long Blades
 10076 | D:9      | Reached skill level 5 in Spellcasting
 10145 | D:9      | Noticed a troll
 10151 | D:9      | HP: 1/59 [killer bee (5)]
 10151 | D:9      | Slain by a killer bee

Illustrated notes

Levels and vault maps discovered:
D:1:      dpeg_arrival_concentric_ovals, layout_basic
D:2:      layout_loops_ring, chequers_ecumenical_altar_grove,
          nicolae_ru_great_annihilating_truth
D:3:      layout_basic, corexii_leaking_fountain, kennysheep_boxes
D:4:      layout_loops_ring, grunt_temple_overflow_open,
          chequers_temple_overflow_statue_of_worship
D:5:      layout_basic, gammafunk_temple_of_torment,
          minmay_temple_entry_junction, first_ration
D:6:      layout_basic, regret_index_temple_of_mockery, kennysheep_mini_moat,
          uniq_menkaure
D:7:      layout_gridville, uniq_joseph
D:8:      layout_loops_ring, makhleb_heckhound_becter
D:9:      layout_cave_pods, serial_shops, shop, gammafunk_ghost_nasty_kobolds,
          kennysheep_nondescript, uniq_psyche, uniq_prince_ribbit1
Temple:   pf_slimified_temple

Skill      XL: |  1  2  3  4  5  6  7  8  9 |
---------------+----------------------------+-----
Fighting       | 1 2 3 4 |  4.5
Stealth        | 3 4 |  4.0
Short Blades   | 1 2 |  2.2
Dodging        | 3 4 5 |  5.3
Spellcasting   | 3 4 5 |  5.0
Translocations | 1 2 3 |  3.1
Hexes          | 1 2 3 |  3.0
Long Blades    | 1 2 3 5 |  5.4
Necromancy     | 5 |  5.8
Throwing       | 2 |  2.6
Polearms       | |  0.5

Action                   |  1- 3 |  4- 6 |  7- 9 || total
-------------------------+-------+-------+-------++-------
Melee: Constrict         |    24 |    22 |    32 ||    78
       Unarmed           |     2 |       |       ||     2
       Spear             |    27 |       |       ||    27
       Tentacles         |     7 |    13 |    34 ||    54
       Dagger            |    53 |    51 |   112 ||   216
       Long sword        |     6 |    37 |   126 ||   169
       Falchion          |       |       |    23 ||    23
Throw: Dart              |       |     1 |    16 ||    17
       Boomerang         |       |       |    12 ||    12
 Cast: Pain              |    15 |     2 |       ||    17
       Vampiric Draining |       |    19 |    28 ||    47
       Apportation       |       |     1 |     5 ||     6
  Use: Scroll            |     1 |     1 |    15 ||    17
       Potion            |       |       |     5 ||     5
 Stab: Sleeping          |    11 |     2 |    10 ||    23
       Invisible         |     1 |       |       ||     1
       Paralysed         |     1 |       |       ||     1
       Distracted        |       |       |     1 ||     1
  Eat: Chunk             |     3 |     5 |       ||     8
       Ration            |       |     1 |     7 ||     8
Armor: Skin              |    17 |     8 |    49 ||    74
Dodge: Dodged            |    57 |    64 |   143 ||   264
       Rpst.: Long sword |     1 |    10 |    21 ||    32
       Falchion          |       |       |     2 ||     2
